 Dungeon Crawl Stone Soup version 0.27.0-1-g7a089689b8 (webtiles) character file.

Game seed: 17688306448417579828

491 fiver49 the Carver (level 7, -3/48 HPs)
             Began as a Barachi Earth Elementalist on Aug 4, 2021.
             Killed from afar by a white imp (8 damage)
             ... with a puff of frost
             ... on level 5 of the Dungeon.
             The game lasted 00:11:34 (5247 turns).

fiver49 the Carver (Barachi Earth Elementalist)     Turns: 5247, Time: 00:11:34

Health: -3/48      AC:  4    Str: 12    XL:     7   Next: 14%
Magic:  10/10      EV: 11    Int: 15    God:
Gold:   173        SH:  0    Dex: 12    Spells: 9/10 levels left

rFire    . . .     SeeInvis .   u - +2 short sword (drain)
rCold    . . .     Faith    .   (no shield)
rNeg     . . .     Spirit   .   n - +1 leather armour {rPois}
rPois    +         Reflect  .   (no helmet)
rElec    .         Harm     .   (no cloak)
rCorr    .         Rampage  .   (no gloves)
Will     .....                  (no boots)
Stlth    ++........             (no amulet)
HPRegen  0.16/turn              (no ring)
MPRegen  0.12/turn              (no ring)

@: slow
A: amphibious, slowness 1, strong legs 1, +LOS
a: Hop


You were on level 5 of the Dungeon.
You visited 1 branch of the dungeon, and saw 5 of its levels.

You collected 173 gold pieces.

Inventory:

Hand Weapons
 h - a +0 dagger
 u - a +2 short sword of draining (weapon)
Missiles
 c - 28 stones
 p - 3 poisoned darts (quivered)
Armour
 b - a +0 robe
 f - a +0 leather armour
 n - a +1 leather armour of poison resistance (worn)
Scrolls
 d - a scroll of fog {unknown}
 g - a scroll of amnesia {unknown}
 j - a scroll of immolation {unknown}
 k - a scroll of magic mapping {unknown}
 m - a scroll of torment {unknown}
 r - a scroll of summoning {unknown}
 v - a scroll of enchant weapon {unknown}
 y - 2 scrolls of blinking {unknown}
 A - a scroll of noise {unknown}
Potions
 e - a potion of might {unknown}
 i - 2 potions of lignification
 l - 2 potions of cancellation
 o - 2 potions of haste
 q - a potion of flight {unknown}
 s - a potion of heal wounds {unknown}
 t - a potion of berserk rage {unknown}
 x - a potion of curing {unknown}
 z - a potion of resistance


   Skills:
 - Level 1.3 Fighting
 + Level 8.4 Long Blades
 - Level 2.1 Dodging
 - Level 1.7 Stealth
 - Level 2.1 Spellcasting
 - Level 1.1 Transmutations
 - Level 3.0 Earth Magic


You had 9 spell levels left.
You knew the following spells:

 Your Spells              Type           Power      Damage    Failure   Level
a - Sandblast             Erth           20%        2d7       9%          1

Your spell library contained the following spells:

 Spells                   Type           Power      Damage    Failure   Level
 Passwall                 Tmut/Erth      5%         N/A       19%         2
 Stone Arrow              Conj/Erth      12%        3d7       41%         3
 Ozocubu's Armour         Ice            1%         N/A       63%         3
 Petrify                  Tmut/Erth      7%         N/A       75%         4
 Metabolic Englaciation   Hex/Ice        0%         N/A       100%        5
 Simulacrum               Ice/Necr       0%         N/A       100%        6


Dungeon Overview and Level Annotations

Branches:
Dungeon (5/15)
 Temple: D:4-7

Altars:
Makhleb
Okawaru
Vehumet
Xom

Shops:
D:3 =

Annotations:
D:3 Pikel


Innate Abilities, Weirdness & Mutations

You are amphibious.
You cover ground slowly.
You can hop short distances.
You have an extended range of vision and can be seen from far away.


Message History

The white imp barely misses you. x2
You hit the white imp.
The white imp is moderately wounded.
You closely miss the white imp.
The white imp is moderately wounded.
The white imp hits you. The white imp freezes you.
You closely miss the white imp.
The white imp is moderately wounded.
The white imp gestures at you. The puff of frost hits you!
You hit the white imp.
The white imp is severely wounded.
The white imp gestures at you. The puff of frost hits you!
You are too injured to fight recklessly!
You are too injured to fight recklessly!
You hit the white imp.
The white imp is severely wounded.
The white imp barely misses you.
You hit the white imp but do no damage.
The white imp is severely wounded.
The white imp hits you. The white imp freezes you.
You hit the white imp.
The white imp is almost dead.
An ogre comes into view. It is wielding a +0 giant club.
The white imp misses you. The white imp closely misses you.
The white imp hits you. The white imp freezes you.
* * * LOW HITPOINT WARNING * * *
The white imp hits you.
* * * LOW HITPOINT WARNING * * *
The white imp freezes you.
* * * LOW HITPOINT WARNING * * *
The white imp gestures at you. The puff of frost hits you.
* * * LOW HITPOINT WARNING * * *
Found a pair of gloves.
The white imp gestures at you. The puff of frost hits you!
You die...

#.............$.........#.#......
##.......###..............#......
#...................#...####.....
..#.<..##.....#.....##...........
..##..###.[..###...###..#........
........#.....#[....######.......
##....#.#........:...# #....###
#....#.....O........# ##.## #
#..#.# ........@.5..# #. #..
...(......##.#.## ##. ....#.....
##### ## #..####.# ### ##


You could see an ogre and a white imp.

Vanquished Creatures
  2 lemures (D:4)
  A scorpion (D:4)
  5 crimson imps (D:4)
  2 hounds
  A centaur zombie (D:3)
  2 bullfrog skeletons (D:4)
  An iguana (D:5)
  3 adders
  A worm (D:2)
  A dart slug (D:2)
  3 orcs
  6 bats
  6 endoplasms
  5 giant cockroaches
  8 goblins
  6 hobgoblins
  A quokka (D:4)
  4 ball pythons
  2 frilled lizards (D:3)
  7 kobolds
  3 rats
70 creatures vanquished.

Notes
Turn   | Place    | Note
-------+----------+-------------------------------------------
     0 | D:1      | fiver49 the Barachi Earth Elementalist began the quest for
                  | the Orb.
     0 | D:1      | Reached XP level 1. HP: 13/13 MP: 3/3
   104 | D:1      | Reached skill level 1 in Fighting
   192 | D:1      | Reached skill level 1 in Long Blades
   192 | D:1      | Reached XP level 2. HP: 15/21 MP: 3/5
   549 | D:1      | Found a faded altar of an unknown god.
   696 | D:1      | Reached skill level 2 in Long Blades
   964 | D:2      | You fall into a shaft and drop 1 floor!
  1068 | D:3      | Reached XP level 3. HP: 26/26 MP: 4/6
  1131 | D:3      | Reached skill level 3 in Long Blades
  1409 | D:3      | Found Higrap's Jewellery Emporium.
  1422 | D:3      | Reached XP level 4. HP: 23/32 MP: 3/7
  1463 | D:3      | Reached skill level 4 in Long Blades
  2211 | D:3      | Reached skill level 5 in Long Blades
  2211 | D:3      | Reached XP level 5. HP: 30/37 MP: 6/8
  2293 | D:3      | Found an iron altar of Okawaru.
  2627 | D:4      | Noticed a lemure
  2665 | D:4      | Killed a lemure
  2828 | D:4      | Noticed a lemure
  3094 | D:4      | Noticed Pikel
  3094 | D:4      | Noticed a lemure
  3531 | D:4      | Noticed a lemure
  3550 | D:5      | Entered Level 5 of the Dungeon
  3591 | D:4      | Killed a lemure
  3737 | D:4      | Found a radiant altar of Vehumet.
  3739 | D:4      | Found a burning altar of Makhleb.
  3766 | D:4      | Reached skill level 6 in Long Blades
  3980 | D:4      | Reached XP level 6. HP: 28/43 MP: 2/9
  4254 | D:4      | Found a transporter.
  4286 | D:4      | Found a transporter.
  4288 | D:4      | Noticed a fire bat
  4289 | D:4      | Noticed a fire bat
  4325 | D:4      | Reached skill level 7 in Long Blades
  4391 | D:4      | Found a shimmering altar of Xom.
  4664 | D:4      | Reached skill level 8 in Long Blades
  4664 | D:4      | Reached XP level 7. HP: 48/48 MP: 10/10
  5247 | D:5      | Killed from afar by a white imp

Illustrated notes

Levels and vault maps discovered:
D:1:      tarquinn_simple_flora_water_f, layout_basic,
          dreamdust_ecumenical_altar_statues, lemuel_another_geyser
D:2:      layout_basic, minmay_distorted
D:3:      layout_rooms, kennysheep_okawaru_gauntlet, serial_shops, shop
D:4:      gammafunk_cloud_chamber, layout_basic,
          grunt_temple_overflow_lords_of_destruction, led_xom_imps,
          minmay_misc_feat_iff, minmay_misc_feat_room, serial_park_tiny_2,
          hangedman_decor_diamond_cutter, minmay_misc_feat_rows, uniq_pikel
D:5:      layout_cave_pools, nicolae_sif_muna_little_library,
          uniq_blork_the_orc, uniq_edmund

Skill      XL: |  1  2  3  4  5  6 |
---------------+-------------------+-----
Fighting       | 1 |  1.3
Long Blades    | 1 2 3 5 6 8 |  8.4
Dodging        | |  2.1
Stealth        | |  1.7
Spellcasting   | |  2.1
Transmutations | |  1.1
Earth Magic    | |  3.0

Action                   |  1- 3 |  4- 6 |  7- 9 || total
-------------------------+-------+-------+-------++-------
Melee: Dagger            |    61 |    19 |       ||    80
       Short sword       |       |   148 |    22 ||   170
Throw: Dart              |       |    23 |     3 ||    26
 Cast: Sandblast         |    25 |    53 |     2 ||    80
 Abil: Hop               |       |     2 |     1 ||     3
  Use: Scroll            |       |       |     3 ||     3
 Stab: Sleeping          |       |     2 |       ||     2
Armor: Leather armour    |    19 |    34 |     5 ||    58
Dodge: Dodged            |    43 |    93 |    15 ||   151
